Map: Altitude LE

Players

A.I. 1 (Medium) - Winner!

  • Race: Zerg Zerg
  • Spawn Location: 1:00

TuFFGoNG

  • Race: Terran Terran
  • League: Gold
  • Spawn Location: 7:00

VOD

Have the link to the VOD?

Description

Time

  • Played on: Aug. 26, 2023, 2:21 a.m.
  • Length: 9:08
Show
View Real Time Build Order
Export as new Build Order

A.I. 1 (Medium) Zerg - Winner!

Build Orders: 1 Base Baneling Bust, Pool First 

Get SALT Encoding   

  12  0:01  Drone  
  13  0:12  Overlord  
  13  0:17  Drone  
  14  0:30  Drone  
  14  0:33  Drone  
  16  0:42  Spawning Pool  
  15  0:45  Drone  
  15  0:49  Drone  
  17  0:53  Extractor  
  17  0:55  Drone  
  17  1:05  Overlord  
  17  1:30  Queen  
  17  1:31  Zergling x2  
  20  1:34  Zergling x2  
  20  1:35  Roach Warren  
  20  1:38  Drone  
  21  1:41  Extractor  
  20  1:49  Drone  
  20  1:51  Baneling Nest  
  20  1:59  Drone  
  21  2:10  Drone  
  22  2:21  Zergling x2  
  23  2:31  Zergling x2  
  23  2:34  Baneling  
  23  2:35  Baneling  
  23  2:37  Overlord, Zergling x2  
  24  2:40  Zergling x2  
  24  2:43  Zergling x2  
  27  2:54  Zergling x2  
  27  2:57  Baneling x2  
  28  3:05  Zergling x2  
  29  3:08  Evolution Chamber  
  29  3:09  Drone, Zergling x2  
  29  3:11  Drone  
  31  3:16  Drone  
  32  3:27  Overlord  
  32  3:38  Drone  
  32  3:41  Drone  
  34  3:44  Drone  
  34  3:47  Drone  
  36  4:50  Lair, Overlord, Roach, Drone  
  39  4:53  Drone  
  40  5:02  Roach  
  42  5:09  Overlord  
  42  5:14  Roach  
  42  5:17  Spore Crawler  
  42  5:18  Drone  
  44  5:25  Drone, Spore Crawler  
  44  5:27  Roach  
  36  5:39  Roach  
  38  5:47  Overseer x2, Queen  
  40  5:50  Infestation Pit  
  40  5:51  Zergling x2  
  40  5:53  Hydralisk Den  
  40  5:54  Drone, Spine Crawler  
  39  5:57  Drone  
  39  6:00  Drone  
  41  6:08  Spine Crawler  
  41  6:09  Drone  
  41  6:22  Hydralisk  
  41  6:24  Spire  
  43  6:25  Drone  
  43  6:33  Evolution Chamber  
  43  6:34  Hydralisk  
  44  6:46  Hatchery  
  44  6:47  Hydralisk  
  43  6:52  Drone  
  46  6:59  Hydralisk  
  48  7:58  Drone, Queen  
  49  8:01  Drone  
  49  8:04  Drone  
  53  8:07  Drone  
  53  8:09  Drone  
  53  8:12  Drone  
  56  8:15  Drone, Spore Crawler  
  56  8:17  Spore Crawler  
  56  8:18  Drone  
  56  8:21  Drone  
  56  8:24  Hydralisk, Drone, Overlord  
  54  8:27  Drone  
  54  8:30  Drone  
  54  8:31  Zergling x2  
  43  8:39  Roach  
  39  8:48  Drone  
  37  8:51  Drone  
Show
View Real Time Build Order
Export as new Build Order

TuFFGoNG Terran 

Build Orders:  

Get SALT Encoding   

  12  0:00  SCV  
  13  0:12  SCV  
  14  0:17  Supply Depot  
  14  0:24  SCV  
  15  0:39  SCV  
  15  0:41  Barracks  
  16  0:46  Refinery  
  16  0:51  SCV  
  17  1:03  SCV  
  18  1:15  SCV  
  19  1:27  Orbital Command  
  19  1:28  Barracks Reactor  
  19  1:46  Command Center  
  19  1:58  Supply Depot, SCV  
  20  2:05  Marine  
  21  2:15  Factory  
  21  2:18  Refinery  
  21  2:21  SCV  
  22  2:27  Marine  
  22  2:28  Marine  
  24  2:37  SCV  
  24  2:38  Bunker  
  25  2:49  SCV  
  25  2:51  Marine x2  
  27  2:57  Orbital Command  
  28  3:01  Factory Tech Lab  
  28  3:12  Starport  
  28  3:15  SCV  
  29  3:21  Marine x2  
  29  3:26  SCV  
  32  3:33  Siege Tank  
  35  3:37  SCV  
  35  3:39  SCV  
  37  3:41  Marine x2  
  39  3:52  Supply Depot  
  39  3:53  Viking  
  41  3:56  SCV  
  41  3:58  SCV  
  43  4:08  Siege Tank  
  46  4:18  SCV x2  
  48  4:30  SCV x2  
  50  4:40  Barracks  
  50  4:41  Barracks  
  50  4:43  Starport Reactor  
  50  4:44  Siege Tank  
  53  4:46  Barracks  
  53  4:48  Supply Depot  
  53  4:50  Barracks  
  53  4:55  Supply Depot  
  53  4:56  SCV  
  54  5:05  Refinery  
  54  5:06  Refinery  
  54  5:10  SCV x2  
  54  5:11  Engineering Bay  
  56  5:20  Supply Depot  
  56  5:22  SCV x2  
  57  5:31  Medivac x2  
  57  5:35  Barracks Tech Lab x2  
  59  5:36  Barracks Reactor  
  59  5:37  Barracks Reactor  
  59  5:39  SCV  
  60  5:48  Supply Depot  
  60  5:50  Supply Depot  
  60  5:51  SCV x2  
  60  5:55  Marine x2  
  64  6:00  Siege Tank  
  67  6:13  Marauder x2  
  67  6:14  Marine x4  
  67  6:16  Marine  
  67  6:17  Marine  
  77  6:24  SCV x2  
  79  6:32  Marine  
  80  6:34  Supply Depot  
  80  6:36  SCV x2  
  82  6:44  Terran Infantry Weapons Level 1  
  82  6:47  Combat Shield, Stimpack  
  82  6:50  Siege Tank  
  82  6:52  Medivac  
  82  6:53  Medivac  
  89  6:57  Marine  
  89  6:58  Marine x5  
  89  7:00  Marine  
  89  7:01  Marine  
  97  7:15  Marine  
  97  7:19  Marine  
  97  7:20  Marine x3  
  102  7:31  Supply Depot  
  102  7:36  Supply Depot  
  102  7:39  Supply Depot  
  102  7:40  Supply Depot  
  102  7:53  Medivac x2, Marine x4  
  102  7:57  Marine x2  
  102  7:58  Siege Tank  
  115  8:00  Marine x2  
  117  8:10  Marine x3  
  117  8:11  Marauder  
  122  8:16  Marauder  
  124  8:23  Medivac x2  
  127  8:30  Siege Tank  
Tags
 
Add a new tag
Caveats
  • Supply blocks, unpowered buildings, or Contaminate may cause inaccurate times.
  • Supply counts are checked every 10 seconds.